 Dungeon Crawl Stone Soup version 0.30-a0-141-g30f27751c5 (webtiles) character file.

Game seed: 8885211312515639355

110914 ZeroWinrate the Thaumaturge (level 16, -7/111 HPs)
             Began as a Demonspawn Hedge Wizard on July 3, 2022.
             Was an Initiate of Gozag.
             Killed by divine providence
             ... invoked by a smoke demon
              (13 damage)
             ... on level 3 of the Abyss on Sept 25, 2022.
             The game lasted 02:52:36 (40824 turns).

ZeroWinrate the Thaumaturge (DsHW)                 Turns: 40824, Time: 02:52:37

Health: -7/111     AC: 21    Str:  7    XL:     16   Next: 8%
Magic:  26/43      EV: 11    Int: 28    God:    Gozag
Gold:   238        SH: 13    Dex: 15    Spells: 6/42 levels left

rFire   + . .      SeeInvis +    p - +3 dagger (vamp)
rCold   . . .      Faith    .    A - +2 kite shield {AC+3}
rNeg    + . .      Spirit   .    D - +3 ring mail of Kadaz {rPois rF+ Int+4}
rPois   +          Reflect  .    G - +3 hat of Pondering {ponderous, Will+ MP+10 Int+5}
rElec   +          Harm     .    n - +0 cloak
rCorr   .          Rampage  .    C - +2 pair of gloves
Will    ++...      Rage     9%   (no boots)
Stlth   ++........               (no amulet)
HPRegen 0.28/turn                a - ring "Fuqaq" {rPois rF+ Dex+4 SInv}
MPRegen 0.28/turn                c - ring "Koimotz" {Ice rElec rN+ Dex+2 Slay+3}

@: mighty, brilliant, gold aura, on berserk cooldown, slowed, very slow
A: powered by pain 3, sharp scales 3, demonic magic 2, demonic touch 2,
inability to drink after injury 1, [berserk 2], [clumsy 2], [dopey 2], [frail
1], [weak 2], [cold vulnerability 1]
a: Renounce Religion, Potion Petition, Call Merchant, Bribe Branch


You were on level 3 of the Abyss.
You worshipped Gozag.
Gozag was aware of your devotion.
You visited 8 branches of the dungeon, and saw 28 of its levels.
You visited the Abyss 1 time.

You collected 7048 gold pieces.
You spent 2323 gold pieces at shops.
You paid 4487 gold pieces to Gozag.

Inventory:

Hand Weapons
 p - a +3 vampiric dagger (weapon)
 V - the +2 spear of the Omega Point {drain, Fly}
   (You bought it in a shop on level 2 of the Lair of Beasts)

   A truly terrible weapon, it drains the life of any living foe it strikes.
   Fly:       It grants you flight.
Missiles
 N - 2 curare-tipped darts
Armour
 e - an orb of mayhem
 k - a +0 pair of gloves of hurling
 n - a +0 cloak (worn)
 A - a +2 kite shield of protection (worn)
 C - a +2 pair of gloves (worn)
 D - the +3 ring mail of Kadaz (worn) {rPois rF+ Int+4}
   (You found it on level 7 of the Dungeon)

   Int:       It affects your intelligence (+4).
   rF:        It protects you from fire.
   rPois:     It protects you from poison.
 G - the +3 hat of Pondering (worn) {ponderous, Will+ MP+10 Int+5}
   (You took it off Gastronok on level 2 of the Lair of Beasts)

   Int:       It affects your intelligence (+5).
   MP:        It affects your magic capacity (+10).
   Will:      It increases your willpower.
Jewellery
 a - the ring "Fuqaq" (left hand) {rPois rF+ Dex+4 SInv}
   (You acquired it on level 1 of the Lair of Beasts)

   [ring of see invisible]

   Dex:       It affects your dexterity (+4).
   rF:        It protects you from fire.
   rPois:     It protects you from poison.
   SInv:      It lets you see invisible.
 c - the ring "Koimotz" (right hand) {Ice rElec rN+ Dex+2 Slay+3}
   (You bought it in a shop on level 2 of the Orcish Mines)

   [ring of ice]

   It enhances your ice magic.
   Dex:       It affects your dexterity (+2).
   Slay:      It affects your accuracy & damage with ranged weapons and melee
   (+3).
   rF:        It makes you vulnerable to fire.
   rC:        It protects you from cold.
   rElec:     It insulates you from electricity.
   rN:        It protects you from negative energy.
 z - a ring of protection from cold
 H - a ring of wizardry
 P - a ring of positive energy
 S - a ring of protection from fire
 Y - the amulet "Meseh" {RegenMP *Corrode rF+ rN+ Str+2}
   (You found it on level 6 of the Lair of Beasts)

   [amulet of magic regeneration]

   It increases your rate of magic regeneration.
   Str:       It affects your strength (+2).
   rF:        It protects you from fire.
   rN:        It protects you from negative energy.
   *Corrode:  It may corrode you when you take damage.
Wands
 h - a wand of polymorph (4)
 y - a wand of flame (19)
 B - a wand of mindburst (15)
 J - a wand of paralysis (7)
Scrolls
 b - 2 scrolls of blinking
 j - 8 scrolls of vulnerability
 l - 3 scrolls of brand weapon
 o - 9 scrolls of noise
 K - 2 scrolls of magic mapping
 R - 2 scrolls of immolation
 T - 3 scrolls of amnesia
 U - a scroll of poison
Potions
 g - 3 potions of brilliance
 i - 4 potions of curing
 m - 2 potions of berserk rage
 q - 2 potions of lignification
 s - 3 potions of flight
 u - 16 potions of ambrosia
 v - 3 potions of mutation
 w - 4 potions of degeneration
 E - 3 potions of might
 F - 2 potions of resistance {unknown}
 M - a potion of invisibility {unknown}
 O - 3 potions of attraction {unknown}
 W - a potion of cancellation {unknown}
Miscellaneous
 X - a lightning rod (inert)


   Skills:
 - Level 10.6 Fighting
 - Level 7.2 Short Blades
 - Level 2.4 Armour
 + Level 8.6 Dodging
 + Level 4.1 Stealth
 - Level 8.0 Shields
 + Level 13.7 Spellcasting
 + Level 11.7 Conjurations
 - Level 6.7 Hexes
 - Level 5.0 Summonings
 - Level 6.2 Translocations
 + Level 5.0 Air Magic
 - Level 4.9 Poison Magic
 - Level 4.1 Evocations


You had 6 spell levels left.
You knew the following spells:

 Your Spells              Type           Power      Damage    Failure   Level
a - Magic Dart            Conj           100%       1d8       1%          1
b - Slow                  Hex            100%       N/A       1%          1
c - Blink                 Tloc           100%       N/A       2%          2
d - Call Imp              Summ           63%        N/A       4%          2
e - Searing Ray           Conj           100%       2d8       1%          2
f - Mephitic Cloud        Conj/Pois/Air  74%        N/A       3%          3
g - Fulminant Prism       Conj/Hex       41%        3d20      4%          4
h - Summon Lightning Spi  Summ/Air       63%        N/A       28%         4
i - Spider Form           Tmut/Pois      49%        N/A       24%         3
j - Inner Flame           Hex/Fire       54%        N/A       17%         3
k - Iskenderun's Mystic   Conj/Tloc      81%        2d16      5%          4
l - Airstrike             Air            31%        2d(5-21)  26%         4
m - Swiftness             Air            63%        N/A       9%          3
n - Iskenderun's Mystic   Conj/Tloc      81%        2d16      5%          4

Your spell library contained the following spells:

 Spells                   Type           Power      Damage    Failure   Level
 Apportation              Tloc           100%       N/A       1%          1
 Foxfire                  Conj/Fire      100%       2x1d9     1%          1
 Shock                    Conj/Air       100%       1d9       1%          1
 Static Discharge         Conj/Air       100%       2-7/arc   1%          2
 Ensorcelled Hibernation  Hex/Ice        100%       N/A       9%          2
 Manifold Assault         Tloc           69%        N/A       17%         4
 Flame Wave               Conj/Fire      67%        2d15      21%         4
 Hailstorm                Conj/Ice       87%        3d17      21%         4
 Sticky Flame             Conj/Fire      67%        2d8       21%         4
 Anguish                  Hex/Necr       27%        N/A       50%         4
 Frozen Ramparts          Ice            86%        1d13      54%         3
 Metabolic Englaciation   Hex/Ice        36%        N/A       83%         5
 Dispel Undead            Necr           28%        3d13      91%         4
 Ice Form                 Ice/Tmut       43%        N/A       91%         4
 Alistair's Intoxication  Tmut/Pois      32%        N/A       91%         5
 Storm Form               Tmut/Air       25%        N/A       100%        7
 Maxwell's Capacitive Co  Air            31%        ∞         100%        8
 Simulacrum               Ice/Necr       Unusable   N/A       N/A         6

Dungeon Overview and Level Annotations

Branches:
Dungeon (15/15)            Temple (1/1) D:5            Lair (6/6) D:8
 Shoals (1/4) Lair:4        Snake (1/4) Lair:4        Slime (0/5) Lair:5
    Orc (2/2) D:12            Elf (1/3) Orc:2        Vaults (0/5) D:14
 Depths (1/4) D:15

Altars:
Ashenzari
Cheibriados
Dithmenos
Fedhas
Gozag
Hepliaklqana
Kikubaaqudgha
Makhleb
Nemelex Xobeh
Okawaru
Qazlal
Ru
Sif Muna
Trog
Uskayaw
Vehumet
Wu Jian
Xom
Yredelemnul
Jiyva

Shops:
D:5 =   D:14 *   Orc:2 (=[**   Lair:2 *([

Annotations:
Snake:1 Asterion


Innate Abilities, Weirdness & Mutations

You are powered by pain.
You are completely covered in razor-sharp scales. (AC +3, Slay +3)
Spells you cast may paralyse nearby enemies.
Your touch may inflict irresistible damage on your foes.
You occasionally lose the ability to drink potions when taking damage.
[You have an uncontrollable temper.]
[You are very clumsy. (Dex -4)]
[You are very dopey. (Int -4)]
[You are frail. (-10% HP)]
[You are very weak. (Str -4)]
[You are vulnerable to cold. (rC-)]


Message History

The large abomination is no longer distracted by gold.
The starcursed mass is no longer distracted by gold.
The meliai barely misses you. The meliai stings you!
A wretched star comes into view.
The meliai is distracted by your dazzling golden aura.
The meliai hits you with a +0 hand axe!
* * * LOW HITPOINT WARNING * * *
You block the meliai's attack.
A starcursed mass splits.
The ancient zyme is distracted by your dazzling golden aura.
The large abomination barely misses you.
The wretched star glows turbulently.
The lance of force hits you.
* * * LOW HITPOINT WARNING * * *
You are knocked back by the lance of force.
You collide with the large abomination!
The large abomination is lightly damaged.
* * * LOW HITPOINT WARNING * * *
The wretched star pulses with an eldritch light!
You feel weaker. x2; You feel stupid. x2
A starcursed mass splits.
The meliai buzzes angrily.
Unknown command.
Unknown command.
Unknown command.
Unknown command.
Unknown command.
Unknown command.
The green very ugly thing attacks as you move away!
The green very ugly thing claws you but does no damage.
Your resistance to elements expires.
The green very ugly thing is no longer distracted by gold.
The starcursed mass is no longer distracted by gold.
The meliai is distracted by your dazzling golden aura.
A deafening chorus of shrieks assaults your mind!
* * * LOW HITPOINT WARNING * * *
The large abomination is distracted by your dazzling golden aura.
The smoke demon gestures at you. Something smites you!
You die...
Your body crumbles into a pile of gold.

⌠. #*# ..# ##
.. .# ##.# #.##
# .*y#.XX ## ⌠
#⌠uy# ##.. . ##
##.### X# . ⌠
.#..⌠#@.X#..# .
..
....XX......#
..
∩...X.###X#x3.#
.
..3X####.##...#
X#.. #.#.#.#
..#
$.$.#..X#### .#
* .X$#X##. # .#
## 5# ..## ..
$X# . #


You could see 7 starcursed masses, a green very ugly thing, an ancient zyme, a
large abomination (unaware), a smoke demon, a ynoxinul and a meliai (unaware).

Vanquished Creatures
  Kirke (D:14)
  Gastronok (Lair:2)
  The ghost of lesbiats the Brawler, a journeyman TrFi of the Shining One (Lair:4)
  3 very ugly things (Abyss:3)
  A vampire knight (D:15)
  Nessos (Lair:4)
  An ice dragon (D:15)
  Fannar (Orc:1)
  9 hydras
  2 catoblepae
  A boulder beetle (D:13)
  Erica (Orc:1)
  A two-headed ogre (D:9)
  A tengu warrior (D:14)
  4 centaur warriors
  A thrashing horror (Abyss:3)
  2 dancing weapons
  A shock serpent (Snake:1)
  Sonja (Lair:3)
  2 deep elf knights
  2 wretched stars (Abyss:3)
  9 skeletal warriors
  A deep troll (shapeshifter) (D:15)
  A starcursed mass (Abyss:3)
  A wizard (D:15)
  3 ugly things
  An orc sorcerer (Orc:2)
  2 deep elf pyromancers (Elf:1)
  3 orc knights
  4 slime creatures (D:13)
  5 cyclopes
  4 manticores
  15 elephants
  A naga mage (Snake:1)
  2 black mambas
  A guardian serpent (Snake:1)
  4 gargoyles
  3 torpor snails
  11 centaur zombies (D:11)
  9 cane toads
  2 centaur skeletons (D:14)
  A demonic crawler (Abyss:3)
  An efreet (D:15)
  9 komodo dragons
  A rime drake (Lair:2)
  3 yaktaurs (D:14)
  A tengu conjurer (D:15)
  A queen bee (Lair:4)
  A polar bear (Lair:6)
  A bunyip simulacrum (Abyss:3)
  6 meliai
  6 trolls
  2 tyrant leeches (Lair:6)
  A harpy skeleton (D:14)
  20 blink frogs
  A hornet (D:10)
  3 meliai zombies (D:11)
  Sigmund (D:4)
  6 shadows
  4 vampires
  8 wraiths
  3 hogs (D:14)
  7 wyverns
  53 yaks
  3 basilisks
  3 nameless horrors
  A neqoxec (Abyss:3)
  Menkaure (D:7)
  5 vampire mosquitoes
  Edmund (D:5)
  A steam dragon (D:10)
  4 nagas
  An acid dragon (shapeshifter) (Abyss:3)
  Duvessa (D:7)
  19 orc warriors
  10 water moccasins
  A sky beast (D:7)
  5 ogres
  4 wolves (Lair:5)
  17 centaurs
  A kobold brigand (D:7)
  10 bullfrogs
  A gnoll sergeant (D:9)
  3 scorpions
  14 wights
  Dowan (D:7)
  26 killer bees
  4 electric eels
  2 howler monkeys
  4 jellies
  A quasit (Abyss:3)
  14 orc priests
  Crazy Yiuf (D:3)
  4 hounds
  3 iguanas
  20 orc wizards
  3 hell rats (Lair:2)
  11 gnolls
  2 adders
  A shadow imp (D:8)
  A dart slug (D:4)
  68 orcs
  8 ball pythons
  4 endoplasms
  3 giant cockroaches
  9 hobgoblins
  6 jackals
  5 quokkas
  4 bats
  4 frilled lizards
  7 goblins
  5 kobolds
  4 rats
  4 fulminant prisms
  A starspawn tentacle (Abyss:3)
596 creatures vanquished.

Vanquished Creatures (collateral kills)
  Rupert (D:14)
  A tentacled starspawn (Abyss:3)
  A very ugly thing (Abyss:3)
  A boulder beetle (Lair:1)
  3 hydras
  Erolcha (D:11)
  A naga warrior (Snake:1)
  A two-headed ogre (Orc:2)
  6 skeletal warriors
  A deep elf zephyrmancer (Elf:1)
  An orc sorcerer (Orc:2)
  3 elephants
  2 black mambas
  10 cane toads
  A centaur skeleton (D:14)
  A yaktaur (D:14)
  2 tyrant leeches (Lair:6)
  9 blink frogs
  Prince Ribbit (D:7)
  A snapping turtle (Lair:4)
  5 yaks
  A wraith (D:11)
  A wyvern (Lair:3)
  2 vampire mosquitoes (Lair:6)
  A warg (Orc:1)
  3 water moccasins
  4 orc warriors
  2 black bears
  A bullfrog (Lair:6)
  2 howler monkeys (D:13)
  2 starcursed masses (Abyss:3)
  2 jellies (Lair:5)
  An orc priest (Orc:2)
  4 hell rats (Lair:2)
  An iguana (D:5)
  2 orc wizards (Orc:2)
  Robin (D:4)
  An adder (D:2)
  2 worms
  A dart slug (D:4)
  10 orcs
  2 ball pythons
  7 endoplasms
  5 goblins (D:4)
  5 hobgoblins
  2 jackals (D:4)
  A kobold (D:7)
  5 nameless horrors
  2 quokkas
  A butterfly (Lair:3)
  A fulminant prism (D:11)
  A starspawn tentacle (Abyss:3)
129 creatures vanquished.

Vanquished Creatures (others)
  An orc wizard (Orc:2)
  219 fulminant prisms
  63 fungi
  138 plants
  7 withered plants (D:11)
428 creatures vanquished.

Grand Total: 1153 creatures vanquished

Notes
Turn   | Place    | Note
-------+----------+-------------------------------------------
     0 | D:1      | ZeroWinrate the Demonspawn Hedge Wizard began the quest for
                  | the Orb.
     0 | D:1      | Reached XP level 1. HP: 13/13 MP: 4/4
    20 | D:1      | Learned a level 1 spell: Slow
   330 | D:1      | You fall into a shaft and drop 1 floor!
   344 | D:2      | Reached skill level 1 in Translocations
   344 | D:2      | Gained mutation: Your touch may inflict minor irresistible
                  | damage on your foes. [demonic ancestry]
   344 | D:2      | Reached XP level 2. HP: 8/19 MP: 1/6
   348 | D:2      | Learned a level 2 spell: Blink
   351 | D:2      | Learned a level 2 spell: Call Imp
  1043 | D:2      | Gained mutation: You sometimes gain a little power by
                  | taking damage. [demonic ancestry]
  1043 | D:2      | Reached XP level 3. HP: 15/24 MP: 8/8
  1248 | D:2      | Found a faded altar of an unknown god.
  2447 | D:3      | Found a shimmering blue altar of Sif Muna.
  2532 | D:3      | Found a runed translucent door.
  2533 | D:3      | Noticed Crazy Yiuf
  2743 | D:3      | Reached skill level 4 in Spellcasting
  3082 | D:3      | Killed Crazy Yiuf
  3083 | D:3      | Reached XP level 4. HP: 26/30 MP: 10/10
  3238 | D:4      | Learned a level 2 spell: Searing Ray
  3242 | D:4      | Learned a level 3 spell: Mephitic Cloud
  3273 | D:4      | Found a burning altar of Makhleb.
  3299 | D:4      | Noticed a black bear
  3550 | D:4      | Noticed Robin
  3555 | D:4      | Gained mutation: You are partially covered in razor-sharp
                  | scales. (AC +1, Slay +1) [demonic ancestry]
  3555 | D:4      | Reached XP level 5. HP: 22/35 MP: 7/11
  3555 | D:4      | Killed Robin
  3889 | D:4      | Killed a black bear
  3890 | D:4      | Reached skill level 1 in Air Magic
  3890 | D:4      | Reached skill level 1 in Poison Magic
  4218 | D:4      | Noticed Sigmund
  4234 | D:4      | Killed Sigmund
  4235 | D:4      | Reached skill level 5 in Spellcasting
  4235 | D:4      | Gained mutation: You are mostly covered in razor-sharp
                  | scales. (AC +2, Slay +2) [demonic ancestry]
  4235 | D:4      | Reached XP level 6. HP: 30/41 MP: 2/13
  5353 | D:5      | Entered Level 5 of the Dungeon
  5651 | D:5      | Gained mutation: You are completely covered in razor-sharp
                  | scales. (AC +3, Slay +3) [demonic ancestry]
  5651 | D:5      | Reached XP level 7. HP: 46/46 MP: 6/14
  5993 | D:5      | Found a basalt altar of Yredelemnul.
  6002 | D:5      | Found a hide-covered altar of Uskayaw.
  6028 | D:5      | Found Toobuz's Jewellery Emporium.
  6080 | D:5      | Noticed Edmund
  6093 | D:5      | Killed Edmund
  6098 | D:5      | Reached skill level 5 in Conjurations
  6196 | D:5      | Found a staircase to the Ecumenical Temple.
  6332 | D:5      | Gained mutation: Spells you cast may paralyse adjacent
                  | enemies. [demonic ancestry]
  6332 | D:5      | Reached XP level 8. HP: 43/52 MP: 13/16
  6610 | D:6      | Reached skill level 6 in Spellcasting
  7038 | D:6      | Learned a level 4 spell: Fulminant Prism
  8092 | D:7      | Identified the +3 ring mail of Kadaz {rPois rF+ Int+4}
  8261 | D:7      | Noticed Menkaure
  8267 | D:7      | Killed Menkaure
  8268 | D:7      | Reached XP level 9. HP: 30/57 MP: 19/19
  8426 | D:7      | Noticed Prince Ribbit
  8443 | D:7      | Killed Prince Ribbit
  8444 | D:7      | Reached skill level 1 in Armour
  8444 | D:7      | Reached skill level 1 in Hexes
  8913 | D:7      | Noticed Duvessa
  8913 | D:7      | Noticed Dowan
  8922 | D:7      | Killed Dowan
  8929 | D:7      | Killed Duvessa
  9787 | D:8      | Reached skill level 7 in Spellcasting
  9817 | D:8      | Found a staircase to the Lair.
 10779 | D:9      | Noticed a two-headed ogre
 10791 | D:9      | Killed a two-headed ogre
 10792 | D:9      | Reached skill level 1 in Fighting
 10792 | D:9      | Reached skill level 1 in Short Blades
 11038 | D:9      | Gained mutation: You sometimes gain power by taking damage.
                  | [demonic ancestry]
 11038 | D:9      | Reached XP level 10. HP: 40/66 MP: 18/20
 11413 | D:9      | Found a sparkling altar of Nemelex Xobeh.
 11904 | D:9      | Found a shadowy altar of Dithmenos.
 12317 | D:10     | Entered Level 10 of the Dungeon
 12474 | D:10     | Noticed a manticore
 12483 | D:10     | Paralysed by a hornet for 3 turns
 12500 | D:10     | Killed a manticore
 12923 | D:10     | Upgraded the game from 0.29-a0-802-g34511f41fd to
                  | 0.30-a0-50-gb2d611f6b1
 13329 | D:10     | Reached skill level 8 in Spellcasting
 13331 | D:10     | Gained mutation: Spells you cast may paralyse nearby
                  | enemies. [demonic ancestry]
 13331 | D:10     | Reached XP level 11. HP: 70/76 MP: 8/23
 13498 | D:11     | Noticed a skeletal warrior
 13498 | D:11     | Noticed a skeletal warrior
 13498 | D:11     | Noticed a skeletal warrior
 13499 | D:11     | Noticed a skeletal warrior
 13605 | D:10     | Reached skill level 5 in Summonings
 13839 | D:11     | Learned a level 4 spell: Summon Lightning Spire
 13940 | D:11     | Reached skill level 5 in Hexes
 14495 | Temple   | Entered the Ecumenical Temple
 14593 | Temple   | Became a worshipper of Gozag Ym Sagoz the Greedy
 14705 | Lair:1   | Entered Level 1 of the Lair of Beasts
 14722 | Lair:1   | Reached skill level 1 in Evocations
 14735 | Lair:1   | Reached skill level 5 in Translocations
 14961 | Lair:1   | Identified the +4 broad axe "Iffeobb" {vorpal, Dex+2}
 14964 | Lair:1   | Identified a scroll of acquirement
 14965 | Lair:1   | Acquired the ring "Fuqaq" {rPois rF+ Dex+4 SInv}
 15088 | Lair:1   | Noticed a boulder beetle
 15096 | Lair:1   | Killed a boulder beetle
 15777 | Lair:2   | Reached skill level 5 in Fighting
 16284 | Lair:2   | Reached XP level 12. HP: 86/86 MP: 24/24
 16335 | Lair:2   | Reached skill level 9 in Spellcasting
 17304 | D:10     | Learned a level 3 spell: Spider Form
 17308 | D:10     | Learned a level 3 spell: Inner Flame
 18321 | D:11     | Reached skill level 5 in Short Blades
 18321 | D:11     | Reached skill level 10 in Conjurations
 18322 | D:11     | Noticed Erolcha
 18338 | D:11     | Killed Erolcha
 18354 | D:11     | Reached skill level 10 in Spellcasting
 18674 | D:11     | Gained mutation: Your touch may inflict irresistible damage
                  | on your foes. [demonic ancestry]
 18674 | D:11     | Reached XP level 13. HP: 96/96 MP: 27/27
 19423 | D:12     | Found a staircase to the Orcish Mines.
 20502 | Orc:1    | Entered Level 1 of the Orcish Mines
 20502 | Orc:1    | Noticed Fannar
 20523 | Orc:1    | Killed Fannar
 20780 | Orc:1    | You fall into a shaft and drop 1 floor!
 20780 | Orc:2    | Entered Level 2 of the Orcish Mines
 20788 | Orc:2    | Found a radiant altar of Vehumet.
 20848 | Orc:1    | Noticed Erica
 20868 | Orc:1    | Killed Erica
 21646 | Orc:2    | Found Rejyiq's General Store.
 21655 | Orc:2    | Bought a scroll of enchant armour for 82 gold pieces
 21786 | Orc:2    | Found Hoiluwum's Assorted Antiques.
 21791 | Orc:2    | Bought a scroll of fear for 112 gold pieces
 21791 | Orc:2    | Bought a twisted copper wand for 112 gold pieces
 21852 | Orc:2    | Found a staircase to the Elven Halls.
 22460 | Orc:2    | Found Ditsy's Antique Weapon Boutique.
 22464 | Orc:2    | Found Ysuesil's Antique Armour Shop.
 23192 | Lair:2   | Bought a shiny orb for 300 gold pieces
 23600 | Lair:2   | Upgraded the game from 0.30-a0-50-gb2d611f6b1 to
                  | 0.30-a0-51-g784eafce7f
 23672 | Lair:2   | Noticed Gastronok
 23693 | Lair:2   | Killed Gastronok
 24169 | Lair:3   | Noticed Sonja
 24172 | Lair:3   | Killed Sonja
 24198 | Lair:3   | Reached skill level 11 in Spellcasting
 25292 | D:12     | Reached skill level 1 in Shields
 26107 | D:13     | Gained mutation: You are powered by pain. [demonic
                  | ancestry]
 26107 | D:13     | Reached XP level 14. HP: 105/108 MP: 17/29
 27360 | D:12     | Learned a level 7 spell: Conjure Flame
 28453 | D:13     | Got the Omnibus of Warped Snow
 28590 | D:14     | Noticed Kirke
 28612 | D:14     | Killed Kirke
 28613 | D:14     | Reached skill level 10 in Fighting
 29044 | D:15     | Entered Level 15 of the Dungeon
 29721 | D:14     | Noticed Rupert
 29730 | D:14     | Paralysed by Rupert for 4 turns
 30125 | Elf:1    | Entered Level 1 of the Elven Halls
 30680 | Lair:3   | Reached skill level 5 in Dodging
 30680 | Lair:3   | Reached skill level 12 in Spellcasting
 31100 | Lair:4   | Noticed lesbiats's ghost (journeyman TrFi)
 31105 | Lair:4   | Found a runed translucent door.
 31132 | Lair:4   | Noticed Nessos
 31142 | Lair:4   | Killed Nessos
 31391 | Lair:4   | Found a staircase to the Snake Pit.
 31666 | Lair:4   | Found a staircase to the Shoals.
 31900 | Lair:2   | Bought a twisted scimitar for 306 gold pieces
 31900 | Lair:2   | Identified the +6 scimitar "Pafelix" {flame, rN+ Will-
                  | Str+3} (You bought it in a shop on level 2 of the Lair of
                  | Beasts)
 31900 | Lair:2   | Bought an ebony spear for 272 gold pieces
 31900 | Lair:2   | Identified the +2 spear of the Omega Point {drain, Fly}
                  | (You bought it in a shop on level 2 of the Lair of Beasts)
 31909 | Lair:2   | Bought a forked wooden wand for 116 gold pieces
 31909 | Lair:2   | Bought a fizzy purple potion for 26 gold pieces
 31980 | Lair:5   | Reached skill level 5 in Shields
 32109 | Lair:5   | Found a runed translucent door.
 32243 | Lair:5   | Found a viscous altar of Jiyva.
 32313 | Lair:5   | Found a staircase to the Slime Pits.
 32361 | Lair:5   | Identified the +1 flail "Ekih" {pain, rCorr Dex-2 Stlth+}
 32485 | Lair:5   | Reached XP level 15. HP: 76/117 MP: 31/31
 33358 | Lair:6   | Entered Level 6 of the Lair of Beasts
 34793 | Lair:6   | Reached skill level 13 in Spellcasting
 35232 | Lair:6   | Identified the amulet "Meseh" {RegenMP *Corrode rF+ rN+
                  | Str+2}
 36866 | D:14     | Killed Rupert
 37100 | D:14     | Found a gate to the Vaults.
 37178 | D:14     | Found an opulent altar of Gozag.
 37182 | D:14     | Found Gozag's Platinum Reserve.
 37503 | D:15     | Learned a level 4 spell: Airstrike
 37545 | D:15     | Found a staircase to the Depths.
 38000 | Depths:1 | Entered Level 1 of the Depths
 38396 | Snake:1  | Entered Level 1 of the Snake Pit
 38606 | Snake:1  | Identified the +0 helmet of Subjectivity {Regen+ Int-2
                  | Slay-4 SInv}
 38675 | Snake:1  | Noticed Asterion
 38679 | Snake:1  | Noticed an Executioner
 38991 | Lair:4   | Learned a level 3 spell: Swiftness
 39012 | Lair:4   | Killed lesbiats's ghost
 39261 | Lair:3   | Upgraded the game from 0.30-a0-51-g784eafce7f to
                  | 0.30-a0-141-g30f27751c5
 39696 | Shoals:1 | Entered Level 1 of the Shoals
 39704 | Lair:4   | Learned a level 4 spell: Iskenderun's Mystic Blast
 40394 | Orc:2    | Bought a pair of glowing gloves for 217 gold pieces
 40406 | Orc:2    | Bought the ring "Koimotz" {Ice rElec rN+ Dex+2 Slay+3} for
                  | 780 gold pieces
 40665 | Abyss:3  | Cast into level 3 of the Abyss (a deep elf demonologist)
 40706 | Abyss:3  | Gained mutation: You occasionally lose the ability to drink
                  | potions when taking damage. [a neqoxec]
 40729 | Abyss:3  | Noticed a tentacled starspawn
 40737 | Abyss:3  | Killed a tentacled starspawn
 40772 | Abyss:3  | Reached XP level 16. HP: 46/124 MP: 16/30
 40796 | Abyss:3  | Reached skill level 5 in Air Magic
 40809 | Abyss:3  | Paralysed by accursed screaming for 1 turns
 40824 | Abyss:3  | Killed from afar by a smoke demon

Illustrated notes

Levels and vault maps discovered:
D:1:      reono_arrival_mine, layout_basic, minivault_14
D:2:      layout_loops_cross, shapermc_ecumenical_altar_notcrosses,
          chequers_serial_rivers_room_b, minmay_statues_item
D:3:      layout_loops_ring, led_sif_pool, minmay_fountain_box,
          uniq_crazy_yiuf_cottage
D:4:      layout_rooms, mainiacjoe_overflow_chevrons, serial_rivers,
          chequers_serial_rivers_micro_d, chequers_serial_rivers_large_b,
          chequers_serial_rivers_micro_d, chequers_serial_rivers_large_a,
          chequers_serial_rivers_micro_b, chequers_serial_rivers_micro_d,
          uniq_robin, uniq_sigmund
D:5:      layout_basic, grunt_temple_overflow_diamond, temple_hall,
          serial_shops, shop, serial_park_tiny_1, reono_crystal_passage,
          uniq_edmund
D:6:      layout_basic
D:7:      layout_layer_cave, uniq_prince_ribbit1, uniq_menkaure, uniq_duvessa
D:8:      layout_loops_ring, lair_entry_dummy
D:9:      layout_basic, lemuel_crystal_altar, lemuel_tele_altar,
          hangedman_decor_diamond_cutter
D:10:     argonaut_augean_stables, layout_cave_pools,
          nicolae_overflow_crystal_walls, minmay_misc_feat_encased,
          corexii_corridor_pit
D:11:     layout_long_grid, serial_undead, serial_undead_b, serial_undead_e,
          serial_undead_d, serial_undead_d, serial_undead_a, serial_undead_b,
          minivault_1, uniq_erolcha
D:12:     layout_roguey, orc_0_dummy
D:13:     minmay_wavy_crystal, layout_loops_ring
D:14:     layout_roguey, hangedman_vaults_entry_quadrant_bands,
          nicolae_benzene_ring, nicolae_gozag_zags_fifth_avenue, uniq_kirke,
          uniq_rupert
D:15:     grunt_enter_depths_hoard, layout_irregular_city, chequers_avenue
Temple:   eino_temple_lava
Lair:1:   layout_loops_ring, serial_bayou_lagoon_a, infiniplex_staircase_pool_2
Lair:2:   layout_misc_corridors, infiniplex_staircase_pool, uniq_gastronok
Lair:3:   layout_layer_cave, lemuel_fruit_fields, uniq_sonja
Lair:4:   layout_roguey [special_room_bee], minmay_shoals_entry_hut,
          guppyfry_snake_entry_island, hellmonk_ghost_happy_afterlife,
          uniq_nessos
Lair:5:   layout_roguey, slime_entry_2
Lair:6:   minmay_lair_end_frog_pond, layout_regular_city
Shoals:1: layout_shoals, gammafunk_ghost_cemetery
Snake:1:  layout_grid_maze, serial_shops, nicolae_shop_hallway_stairs,
          nicolae_snake_gridmaze_squiggle, uniq_asterion
Orc:1:    layout_caves, basic_altar, uniq_erica, uniq_fannar
Orc:2:    grunt_orc_community_town_hall, layout_diamond_mine,
          grunt_orc_community_big_house_2, grunt_orc_community_big_house_2,
          grunt_orc_community_house_3, grunt_orc_community_house_3,
          grunt_orc_community_house_1, grunt_orc_community_house_2, basic_altar,
          nicolae_orc_tapped_out
Elf:1:    minmay_elf_arrival_plus, layout_geoelf_octagon, evilmike_minifort
Depths:1: minmay_bad_star, layout_cave_pools, enter_ziggurat_e, hell_entry,
          bloody_trog
Abyss:3:  base: Snake:3, evilmike_abyss_exit_6,
          eino_small_chamber_without_monster, hangedman_abyss_theft,
          grunt_abyss_rune_wretched_hive, base: Snake:3,
          grunt_abyss_rune_wretched_hive

Skill      XL: |  1  2  3  4  5  6  7  8  9 10 11 12 13 14 15 16 |
---------------+-------------------------------------------------+-----
Translocations | 1 3 4 5 6 |  6.2
Conjurations   | 2 3 4 5 6 7 8 10 11 | 11.7
Spellcasting   | 4 5 6 7 8 10 11 12 13 | 13.7
Air Magic      | 1 2 3 4 5 |  5.0
Poison Magic   | 1 2 3 4 |  4.9
Armour         | 2 |  2.4
Hexes          | 3 4 6 |  6.7
Summonings     | 3 4 5 |  5.0
Fighting       | 1 3 5 7 9 10 | 10.6
Short Blades   | 1 3 5 7 |  7.2
Evocations     | 3 4 |  4.1
Shields        | 1 5 8 |  8.0
Dodging        | 2 5 8 |  8.6
Stealth        | 3 4 |  4.1

Action                   |  1- 3 |  4- 6 |  7- 9 | 10-12 | 13-15 | 16-18 || total
-------------------------+-------+-------+-------+-------+-------+-------++-------
Melee: Dagger            |    24 |     8 |   117 |   198 |   978 |    13 ||  1338
       Touch             |     3 |     2 |    26 |    54 |    42 |       ||   127
       Punch             |       |       |     1 |     1 |     4 |       ||     6
       Unarmed           |       |       |       |       |     7 |       ||     7
Throw: Throwing net      |       |       |     2 |       |     5 |       ||     7
       Dart              |       |       |     1 |       |     5 |       ||     6
 Cast: Magic Dart        |    74 |    91 |    54 |    30 |    47 |       ||   296
       Call Imp          |    26 |    29 |    19 |    10 |     5 |       ||    89
       Searing Ray       |       |     4 |    31 |    14 |       |       ||    49
       Mephitic Cloud    |       |     4 |    19 |    36 |   141 |       ||   200
       Blink             |       |     1 |       |     8 |    48 |       ||    57
       Fulminant Prism   |       |       |     2 |    79 |   141 |     2 ||   224
       Summon Lightning  |       |       |       |    16 |   136 |     1 ||   153
       Inner Flame       |       |       |       |     2 |    45 |       ||    47
       Spider Form       |       |       |       |       |     1 |       ||     1
       Airstrike         |       |       |       |       |    16 |       ||    16
       Iskenderun's Myst |       |       |       |       |    12 |     5 ||    17
Invok: Call Merchant     |       |       |       |       |     4 |       ||     4
       Potion Petition   |       |       |       |       |     2 |     2 ||     4
Evoke: Wand              |       |       |     2 |     7 |    28 |       ||    37
       Lightning rod     |       |       |       |       |     4 |     4 ||     8
  Use: Potion            |     1 |       |       |     6 |     7 |       ||    14
       Scroll            |       |       |     8 |     6 |    29 |       ||    43
 Stab: Distracted        |       |     1 |       |     1 |    15 |     1 ||    18
       Confused          |       |       |     4 |    12 |    45 |       ||    61
       Paralysed         |       |       |     6 |    53 |    85 |       ||   144
       Sleeping          |       |       |       |     1 |     2 |       ||     3
       Fleeing           |       |       |       |       |     1 |       ||     1
       Held in net/web   |       |       |       |       |     1 |       ||     1
Armor: Robe              |    14 |    25 |    25 |       |       |       ||    64
       Ring mail         |       |       |    35 |   138 |   427 |     6 ||   606
       Skin              |       |       |       |     8 |       |       ||     8
Dodge: Dodged            |    35 |    41 |    72 |   144 |   428 |     6 ||   726
Block: Kite shield       |       |       |       |       |   486 |     6 ||   492

Table legend: (Time is in decaauts)
 A = Elapsed time spent in this place.
 B = Non-inter-level travel time spent in this place.
 C = Inter-level travel time spent in this place.
 D = Time resting spent in this place.
 E = Time spent auto-exploring this place.
 F = Levels seen in this place.
 G = Mean time per level.
                   A        B        C        D        E       F      G
               +--------+--------+--------+--------+--------+-----+--------+
         Total |  41712 |  37229 |   4483 |   9069 |  20701 |  29 | 1438.3 |
       Dungeon |  27575 |  24340 |   3235 |   6368 |  13845 |  15 | 1838.3 |
        Temple |    107 |     98 |      9 |      0 |     47 |   1 |  107.0 |
          Lair |   9875 |   8864 |   1011 |   1697 |   5235 |   6 | 1645.8 |
        Shoals |      1 |      1 |      0 |      0 |      0 |   1 |    1.0 |
     Snake Pit |    487 |    487 |      0 |    129 |    131 |   1 |  487.0 |
  Orcish Mines |   3240 |   3018 |    222 |    848 |   1270 |   2 | 1620.0 |
   Elven Halls |    260 |    259 |      1 |     26 |    171 |   1 |  260.0 |
        Depths |      5 |      5 |      0 |      0 |      0 |   1 |    5.0 |
         Abyss |    157 |    157 |      0 |      0 |      0 |   1 |  157.0 |
               +--------+--------+--------+--------+--------+-----+--------+

Top non-repeatable levels by time:
     D:9: 3238 daAuts
    D:10: 3019 daAuts
    D:14: 2291 daAuts
    D:12: 2262 daAuts
    D:11: 2166 daAuts
    D:13: 2139 daAuts
  Lair:2: 2073 daAuts
   Orc:2: 1997 daAuts
  Lair:5: 1906 daAuts
     D:7: 1876 daAuts
  Lair:6: 1754 daAuts
  Lair:4: 1699 daAuts
     D:3: 1680 daAuts
     D:2: 1561 daAuts
     D:5: 1524 daAuts
